AoeStats
← izinai

Arena

510880987Analyzed
1v1 RM · 1d ago on Oct 3, 2026· 72m 59s· 2 players
Game mode
Random Map
Map size
Tiny (2 player)
Population
200
Speed
Normal
Resources
Standard
Victory
Conquest
Starting age
Dark Age
Ending age
Imperial Age
RankedLock teamsTeams togetherTeam positionsShared explorationLock speedFull tech treeHidden civsTurbo modeCheats
Victory
Defeat
🇨🇱 Spanish · Chile
945
+41
🇦🇷 Sicilians · Argentina
904
-14
Sobek
2:32 Loom
12:36 Feudal Age
14:18 Wheelbarrow
15:38 Horse Collar
17:39 Double-Bit Axe
24:39 Castle Age
24:48 Pikeman
27:26 Hand Cart
27:33 Bow Saw
27:29 Squires
28:59 Scale Mail Armor
29:10 Forging
29:56 Chain Mail Armor
31:21 Heavy Plow
33:00 Arson
34:14 Gold Mining
34:15 Stone Mining
35:44 Iron Casting
35:57 Gold Shaft Mining
42:01 Imperial Age
42:09 Elite Serjeant
43:23 Plate Mail Armor
43:54 Blast Furnace
42:34 Capped Ram
43:25 Siege Ram
46:35 Halberdier
49:08 Man-at-Arms
49:33 Gambesons
51:20 Long Swordsman
53:10 Two-Handed Swordsman
55:21 Masonry
56:13 Chemistry
55:10 Murder Holes
55:37 Champion
65:19 Elite Skirmisher
69:04 Padded Archer Armor
68:55 Fletching
70:20 Leather Archer Armor
71:09 Chemistry
izinai
3:30 Loom
10:01 Feudal Age
10:33 Double-Bit Axe
14:07 Horse Collar
17:19 Castle Age
17:38 Forging
18:25 Bow Saw
21:16 Wheelbarrow
20:51 Herbal Medicine
21:37 Scale Barding Armor
21:45 Loom
23:27 Stone Mining
23:27 Gold Mining
24:47 Husbandry
25:55 Bloodlines
26:26 Iron Casting
26:34 Herbal Medicine
28:00 Chain Barding Armor
28:51 Fletching
30:42 Hand Cart
31:39 Bodkin Arrow
32:35 Stone Shaft Mining
33:07 Heavy Plow
35:15 Ballistics
35:05 Masonry
36:47 Padded Archer Armor
41:32 Imperial Age
40:23 Leather Archer Armor
41:40 Murder Holes
44:55 Chemistry
44:25 Architecture
43:20 Cavalier
45:01 Blast Furnace
44:36 Plate Barding Armor
44:33 Ring Archer Armor
44:06 Elite Conquistador
45:23 Hoardings
45:51 Bracer
47:51 Conscription
51:39 Capped Ram
56:50 Paladin
60:36 Siege Ram
63:19 Fortified Wall
66:40 Two-Man Saw
71:37 Caravan
Connection lost

Rejoining the realm…

Still unreachable

The connection could not be restored.

Session expired

The server has moved on; the page needs a fresh start.